 Dungeon Crawl Stone Soup version 0.18.1-1-g2f07953 (webtiles) character file.

65 Eucla the Chopper (level 3, -2/28 HPs)
             Began as a Demonspawn Gladiator on May 7, 2016.
             Killed by nerve-wracking pain
             ... invoked by Grinder
              (12 damage)
             ... on level 3 of the Dungeon.
             The game lasted 00:02:10 (1542 turns).

Eucla the Chopper (Demonspawn Gladiator)            Turns: 1542, Time: 00:02:11

Health: -2/28      AC: 11    Str: 15    XL:     3   Next: 94%
Magic:  3/3        EV:  4    Int:  9    God:
Gold:   87         SH:  0    Dex: 14    Spells: 0 memorised, 2 levels left

rFire  . . .     SeeInvis .     a - +0 war axe
rCold  . . .     Gourm    .     i - +0 plate armour
rNeg   . . .     Faith    .     (no shield)
rPois  .         Spirit   .     c - +0 helmet
rElec  .         Dismiss  .     (no cloak)
rCorr  .         Reflect  .     (no gloves)
SustAt .         Harm     .     (no boots)
MR     .....                    (no amulet)
Stlth  ..........               (no ring)
                                (no ring)

@: lethally poisoned (-2 -> -3), not resistant to hostile enchantments,
extremely unstealthy
A: demonic guardian 1
a: no special abilities


You were on level 3 of the Dungeon.
You were not hungry.

You visited 1 branch of the dungeon, and saw 3 of its levels.

You collected 87 gold pieces.

Inventory:

Hand Weapons
 a - a +0 war axe (weapon)
Missiles
 d - 4 throwing nets (quivered)
Armour
 b - a +0 leather armour
 c - a +0 helmet (worn)
 i - a +0 plate armour (worn)
Wands
 p - a wand of flame (29/48)
Scrolls
 e - a scroll of magic mapping {unknown}
 g - 2 scrolls of identify {unknown}
 j - a scroll of remove curse {unknown}
 k - a scroll of noise {unknown}
 n - 2 scrolls of teleportation {unknown}
 q - a scroll of immolation {unknown}
Potions
 h - a potion of curing {unknown}
 l - a potion of agility {unknown}
 m - a potion of flight {unknown}
 o - 2 potions of berserk rage {unknown}
Comestibles
 f - 2 bread rations


   Skills:
 + Level 2.8 Fighting
 * Level 4.0 Axes
 - Level 1.7 Throwing
 - Level 2.6 Dodging


You had 2 spell levels left.
You didn't know any spells.

Dungeon Overview and Level Annotations

Branches:
Dungeon (3/15)

Altars:

Annotations:
D:3 Grinder


Innate Abilities, Weirdness & Mutations

A weak demonic guardian rushes to your aid.


Message History

Your crimson imp closely misses Grinder.
Your ufetubus hits Grinder.
Your ufetubus closely misses Grinder.
Grinder says, "There's only one good use for a tongue: cutting it out."
Grinder hits your ufetubus!
Your ufetubus dies!
Your crimson imp hits Grinder but does no damage.
You hit Grinder.
Grinder is severely wounded.
Grinder hits you.
You writhe in agony.
Your crimson imp hits Grinder.
A kobold comes into view.
You closely miss Grinder.
Grinder is severely wounded.
Grinder hits you.
You writhe in agony.
Your crimson imp hits Grinder but does no damage.
You closely miss Grinder.
Grinder is severely wounded.
You feel sick. Grinder gestures at you. Pain shoots through your body!
You die...

#.##..............#
#...###.####.######
#####.....# #.#
..#...##### ##'## ###
#.#.### ##...## %. #...##
##.....##.# ##.#.##
##.......#.#
##....####......55†.###.
.........+......@.........
##....####....<.....###..%
#.#.## ##.=....[#.# .
#.### ##...K.##... #.#
##...## #### #.# ##.. #..
#.. ## #..


You could see Grinder, a kobold and a friendly crimson imp.

Vanquished Creatures
  An ooze (D:2)
  3 worms
  A giant gecko (D:1)
  A ball python (D:1)
  A giant cockroach (D:2)
  5 goblins
  2 hobgoblins
  A quokka (D:2)
  3 bats
  2 giant newts
  8 kobolds
  6 rats
34 creatures vanquished.

Vanquished Creatures (collateral kills)
  A worker ant (D:3)
  A rat (D:3)
2 creatures vanquished.

Grand Total: 36 creatures vanquished

Notes
Turn   | Place    | Note
--------------------------------------------------------------
     0 | D:1      | Eucla the Demonspawn Gladiator began the quest for the Orb.
     0 | D:1      | Reached XP level 1. HP: 16/16 MP: 1/1
   202 | D:1      | Reached skill level 3 in Axes
   271 | D:1      | Gained mutation: A weak demonic guardian rushes to your aid. [demonic ancestry]
   271 | D:1      | Reached XP level 2. HP: 20/22 MP: 2/2
   954 | D:2      | Reached XP level 3. HP: 26/28 MP: 3/3
  1521 | D:3      | Noticed Grinder
  1528 | D:3      | Reached skill level 4 in Axes
  1535 | D:3      | Paralysed by Grinder for 3 turns
  1542 | D:3      | Killed from afar by Grinder

Skill      XL: |  1  2  3 |
---------------+----------+-----
Axes           | 3 4 |  4.0
Fighting       | |  2.8
Throwing       | |  1.7
Dodging        | |  2.6

Action                   || total
-------------------------++-------
Melee: War axe           ||   148
Evoke: Wand              ||     2
  Use: Potion            ||     1
  Eat: Chunk             ||     2
Armor: Plate armour      ||   158
       Leather armour    ||     5
Dodge: Dodged            ||    49
